 Dungeon Crawl Stone Soup version 0.17.0-23-g0de4337 (console) character file.

258 gw the Slasher (level 5, -10/47 HPs)
             Began as a Minotaur Fighter on Nov 15, 2015.
             Was an Initiate of the Shining One.
             Mangled by an ogre
             ... wielding a +0 giant club
              (15 damage)
             ... on level 2 of the Dungeon.
             The game lasted 00:02:20 (3223 turns).

gw the Slasher (Minotaur Fighter)                   Turns: 3223, Time: 00:02:20

Health: -10/47     AC:  9    Str: 20    XL:     5   Next: 94%
Magic:  5/5        EV:  5    Int:  5    God:    the Shining One [......]
Gold:   106        SH:  9    Dex: 11    Spells: 0 memorised, 4 levels left

rFire  . . .     SeeInvis .     a - +0 long sword
rCold  . . .     Clarity  .     l - +0 chain mail
rNeg   . . .     SustAt   .     c - +0 shield
rPois  .         Gourm    .     (helmet restricted)
rElec  .         Spirit   .     (no cloak)
rCorr  .         Warding  .     (no gloves)
rMut   .         Stasis   .     (no boots)
MR     .....                    (no amulet)
Stlth  ..........               (no ring)
                                (no ring)

@: not resistant to hostile enchantments, extremely unstealthy
A: retaliatory headbutt, horns 2
a: Renounce Religion


You were on level 2 of the Dungeon.
You worshipped the Shining One.
The Shining One was noncommittal.
You were very hungry.

You visited 1 branch of the dungeon, and saw 2 of its levels.

You collected 106 gold pieces.

Inventory:

Hand Weapons
 a - a +0 long sword (weapon)
Missiles
 f - 124 stones (quivered)
Armour
 c - a +0 shield (worn)
 l - a +0 chain mail (worn)
Scrolls
 g - a scroll of identify
Comestibles
 d - a beef jerky
 e - 2 bread rations
 i - a meat ration


   Skills:
 + Level 4.5 Fighting
 * Level 5.0 Long Blades
 + Level 1.6 Throwing
 + Level 4.5 Armour
 + Level 4.4 Shields
 + Level 1.4 Invocations


You had 4 spell levels left.
You didn't know any spells.

Dungeon Overview and Level Annotations

Branches:
Dungeon (2/15)

Altars:
Ashenzari
Qazlal
The Shining One

Annotations:
D:1 exclusion: downstairs


Innate Abilities, Weirdness & Mutations

You reflexively headbutt those who attack you in melee.
You have a pair of horns on your head.


Message History

Making a random move You hit the ogre.
The ogre is lightly wounded.
You block the hobgoblin's attack. The ogre hits you with a giant club.
MOVING TO (-4,3)
You slash the hobgoblin!
You kill the hobgoblin!
You block the ogre's attack.
FLEEEEING!
MOVING TO (-3,3)
You block the ogre's attack.
MOVING TO (-2,3) MOVING TO (-1,2) MOVING TO (-1,1) MOVING TO (-4,-3) MOVING TO (-3,-3) MOVING TO (-2,-3) MOVING TO (-1,-2)
The ogre hits you with a giant club!
You die...

#.# #..#.##### #...# #.#
#.# #..#.# #.### #.# #.#
#..#.# #.# #.# #.#
#..#.# #####.#####.#
#.######..#.#
##...........#
..........#.#
##.#.##.#######
....#####.#.# ##.###.#.#
#...........# #.#.).#..#
#.#######...####H....###
.................O...#
##########...........#
#.####.#...## #.#
#>##### #.# #.# #.# #.#
#.####.# ######......#


You could see an ogre.

Table legend:
 A = Turns spent in this place as a percentage of turns spent in the entire game.
 B = Non-inter-level travel turns spent in this place as a percentage of non-inter-level travel turns spent in the entire game.
 C = Inter-level travel turns spent in this place as a percentage of turns spent in this place.
 D = Turns resting spent in this place as a percentage of non-inter-level travel turns spent in this place.
 E = Turns spent auto-exploring this place as a percentage of non-inter-level travel turns spent in this place.
 F = Non-inter-level travel turns spent in this place divided by the number of levels of this place that you've seen.
                   A       B       C       D       E      F
               +-------+-------+-------+-------+-------+----------------------
         Total | 100.0 | 100.0 |   0.3 |   0.8 |   2.1 | 2280.5
       Dungeon | 100.0 | 100.0 |   0.3 |   0.8 |   2.1 | 2280.5
               +-------+-------+-------+-------+-------+----------------------

Table legend:
 A = Kills in this place as a percentage of kills in entire the game.
 B = Kills by you in this place as a percentage of kills by you in the entire game.
 C = Kills by friends in this place as a percentage of kills by friends in the entire game.
 D = Other kills in this place as a percentage of other kills in the entire game.
 E = Experience gained in this place as a percentage of experience gained in the entire game.
 F = Experience gained in this place divided by the number of levels of this place that you have seen.
                   A       B       C       D       E      F
               +-------+-------+-------+-------+-------+----------------------
         Total | 100.0 | 100.0 |  -nan |  -nan | 100.0 | 184.5
       Dungeon | 100.0 | 100.0 |  -nan |  -nan | 100.0 | 184.5
               +-------+-------+-------+-------+-------+----------------------

Vanquished Creatures
  Sigmund (D:2)
  Jessica (D:2)
  Robin (D:2)
  2 giant geckos
  2 bats
  7 hobgoblins
  14 jackals
  2 kobolds
  2 quokkas
  4 giant cockroaches
  17 goblins
  5 rats
58 creatures vanquished.

Notes
Turn   | Place    | Note
--------------------------------------------------------------
     0 | D:1      | gw the Minotaur Fighter began the quest for the Orb.
     0 | D:1      | Reached XP level 1. HP: 19/19 MP: 0/0
   250 | D:1      | Reached XP level 2. HP: 21/27 MP: 1/1
  1062 | D:2      | Reached XP level 3. HP: 26/33 MP: 2/2
  1471 | D:2      | Found a glowing golden altar of the Shining One.
  1477 | D:2      | Became a worshipper of the Shining One
  1543 | D:2      | Found a shattered altar of Ashenzari.
  1584 | D:2      | Noticed Jessica
  1598 | D:2      | Killed Jessica
  1598 | D:2      | Reached skill level 4 in Fighting
  1608 | D:2      | Noticed Sigmund
  1618 | D:2      | Reached XP level 4. HP: 24/40 MP: 3/3
  1619 | D:2      | Killed Sigmund
  1619 | D:2      | Reached skill level 1 in Throwing
  1619 | D:2      | Reached skill level 1 in Invocations
  1619 | D:2      | Reached XP level 5. HP: 27/47 MP: 4/4
  1831 | D:2      | Found a stormy altar of Qazlal.
  2015 | D:2      | Noticed Robin
  2022 | D:2      | Killed Robin
  2022 | D:2      | Reached skill level 5 in Long Blades
  2486 | D:2      | Noticed an ogre
  3161 | D:2      | HP: 2/47 [ogre/giant club (20)]
  3223 | D:2      | Mangled by an ogre

Action                   |  1- 3 |  4- 6 || total
-------------------------+-------+-------++-------
Melee: Long sword        |    99 |    47 ||   146
Throw: Stone             |    92 |    24 ||   116
  Use: Scroll            |     3 |     1 ||     4
       Potion            |     3 |     4 ||     7
  Eat: Chunk             |     2 |     4 ||     6

Vault maps used:
D:1:      zelgadis_glass_arrival_large
D:2:      kennysheep_goblin_castle, minitemple, nicolae_tso_carved_into_rock,
          uniq_jessica, uniq_sigmund
